 Dungeon Crawl Stone Soup version 0.28.0-53-g5a82cb258f (webtiles) character file.

Game seed: 3314801768516992124

438 issech the Chopper (level 6, -1/56 HPs)
             Began as a Minotaur Monk on June 11, 2022.
             Succumbed to a scorpion's poison
             ... on level 4 of the Dungeon.
             The game lasted 00:08:23 (3862 turns).

issech the Chopper (Minotaur Monk)                  Turns: 3862, Time: 00:08:23

Health: -1/56      AC: 12    Str: 16    XL:     6   Next: 69%
Magic:  5/5        EV:  5    Int:  7    God:
Gold:   1          SH:  0    Dex: 14    Spells: 5/5 levels left

rFire   + . .      SeeInvis .   i - +0 war axe
rCold   . . .      Faith    .   (no shield)
rNeg    . . .      Spirit   .   p - +0 plate armour
rPois   .          Reflect  .   (helmet restricted)
rElec   .          Harm     .   (no cloak)
rCorr   +          Rampage  .   (no gloves)
Will    .....                   f - +0 pair of boots
Stlth   ..........              (no amulet)
HPRegen 0.18/turn               j - ring of protection from fire
MPRegen 0.09/turn               t - ring of resist corrosion

@: lethally poisoned (-1 -> -11)
A: horns 2, retaliatory headbutt
a: no special abilities


You were on level 4 of the Dungeon.
You visited 1 branch of the dungeon, and saw 4 of its levels.

You collected 27 gold pieces.
You spent 26 gold pieces at shops.

Inventory:

Hand Weapons
 a - a +0 hand axe
 i - a +0 war axe (weapon)
 o - a +0 shortbow
 u - a +0 hunting sling
Missiles
 c - 99 stones
 d - 4 boomerangs (quivered)
 n - 10 poisoned darts
 w - 18 sling bullets
 x - 21 arrows
Armour
 b - a +0 robe
 f - a +0 pair of boots (worn)
 k - a +0 leather armour
 m - a +0 scale mail
 p - a +0 plate armour (worn)
Jewellery
 j - a ring of protection from fire (left hand)
 t - a ring of resist corrosion (right hand)
Scrolls
 e - 2 scrolls of fear
 l - 2 scrolls of teleportation
 q - a scroll of blinking
Potions
 h - a potion of berserk rage {unknown}
 r - 2 potions of attraction {unknown}
 s - a potion of degeneration {unknown}
 v - a potion of flight {unknown}


   Skills:
 + Level 5.2 Fighting
 + Level 6.6 Axes
 + Level 1.5 Throwing
 + Level 2.6 Armour
 + Level 4.0 Dodging
 + Level 2.2 Stealth


You had 5 spell levels left.
You didn't know any spells.
Your spell library contained the following spells:

 Spells                   Type           Power      Damage    Failure   Level
 Blade Hands              Tmut           0%         N/A       100%        5
 Irradiate                Conj/Tmut      0%         3d13      100%        5
 Dragon Form              Tmut           0%         N/A       100%        7


Dungeon Overview and Level Annotations

Branches:
Dungeon (4/15)
 Temple: D:4-7

Altars:
Dithmenos
Kikubaaqudgha
Makhleb
Qazlal
Vehumet

Shops:
D:4 ?


Innate Abilities, Weirdness & Mutations

You have a pair of horns on your head.
You reflexively headbutt those who attack you in melee.


Message History

You are more poisoned.
The scorpion poisons you!
You hit the scorpion. You headbutt the scorpion!
The scorpion is severely wounded.
You slash the giant cockroach!
You kill the giant cockroach!
You feel very sick. The scorpion stings you.
You barely miss the scorpion. Your punch misses the scorpion.
The scorpion is severely wounded.
* * * LOW HITPOINT WARNING * * *
You feel very sick.
The scorpion stings you but does no damage. x2
You barely miss the scorpion.
The scorpion is severely wounded.
* * * LOW HITPOINT WARNING * * *
You feel very sick.
The scorpion stings you but does no damage.
You hit the scorpion but do no damage.
The scorpion is severely wounded.
* * * LOW HITPOINT WARNING * * *
You feel very sick.
The scorpion stings you but does no damage.
You hit the scorpion.
The scorpion is almost dead.
* * * LOW HITPOINT WARNING * * *
You feel sick. The scorpion stings you.
* * * LOW HITPOINT WARNING * * *
You are more poisoned.
The scorpion poisons you!
The scorpion stings you but does no damage.
You barely miss the scorpion.
The scorpion is severely wounded.
* * * LOW HITPOINT WARNING * * *
You feel very sick.
The scorpion stings you but does no damage.
Unknown command.
You slash the scorpion!
You kill the scorpion!
You die...

.# # .###.#####
.........##### ###
.####...###..####≈≈##
.#..# #.#.##[##.≈≈.#
.#..# ##.##.#.≈≈.#
.#..# #.###..≈≈.#
.#..# ##.#.##.≈≈.#
....# #.##.##@≈≈.#
....# #.###.#†≈≈.#
....# #.###.#.≈≈.#
....# ##.#.##.≈≈.#
##.## ##.###.≈≈.#
##.# ##.## #.≈≈.#
#.##..#.#.## #.≈≈.#
#..#...###.## #.≈≈.#
###.#....###.#


There were no monsters in sight!

Vanquished Creatures
  Sigmund (D:4)
  3 scorpions (D:4)
  An orc priest (D:4)
  Natasha (D:3)
  3 adders
  A white imp (D:3)
  An adder skeleton (D:4)
  2 dart slugs
  2 orcs (D:4)
  5 bats
  10 endoplasms
  7 giant cockroaches
  6 goblins
  5 hobgoblins
  4 jackals (D:1)
  2 quokkas
  9 ball pythons
  A frilled lizard (D:3)
  4 kobolds
  7 rats
75 creatures vanquished.

Vanquished Creatures (others)
  A plant (D:1)
1 creature vanquished.

Grand Total: 76 creatures vanquished

Notes
Turn   | Place    | Note
-------+----------+-------------------------------------------
     0 | D:1      | issech the Minotaur Monk began the quest for the Orb.
     0 | D:1      | Reached XP level 1. HP: 19/19 MP: 0/0
    52 | D:1      | Reached XP level 2. HP: 21/27 MP: 1/1
   152 | D:1      | Reached skill level 4 in Axes
   203 | D:1      | Found a faded altar of an unknown god.
   648 | D:1      | Reached XP level 3. HP: 33/33 MP: 2/2
  1165 | D:2      | Found a shadowy altar of Dithmenos.
  1986 | D:3      | Reached XP level 4. HP: 33/41 MP: 3/3
  2071 | D:3      | Found an ancient bone altar of Kikubaaqudgha.
  2071 | D:3      | Noticed Natasha
  2074 | D:3      | Killed Natasha
  2541 | D:3      | Reached skill level 5 in Axes
  2704 | D:3      | Found a stormy altar of Qazlal.
  2704 | D:3      | Found a burning altar of Makhleb.
  2812 | D:4      | Noticed Sigmund
  2821 | D:3      | Reached skill level 1 in Armour
  3030 | D:4      | Killed Sigmund
  3031 | D:4      | Reached skill level 5 in Fighting
  3031 | D:4      | Reached skill level 1 in Throwing
  3031 | D:4      | Reached XP level 5. HP: 31/48 MP: 4/4
  3031 | D:4      | Reached XP level 6. HP: 37/56 MP: 5/5
  3179 | D:4      | Reached skill level 6 in Axes
  3296 | D:4      | Found a radiant altar of Vehumet.
  3653 | D:4      | Found Zilaaf's Magic Scroll Boutique.
  3666 | D:4      | Bought a scroll of identify for 26 gold pieces
  3861 | D:4      | HP: 2/56 [poisoned by a scorpion]
  3862 | D:4      | Succumbed to a scorpion's poison

Illustrated notes

Levels and vault maps discovered:
D:1:      tarquinn_simple_flora_water_d, layout_basic,
          shapermc_ecumenical_altar_acropolis
D:2:      layout_loops_ring, basic_altar, nrook_loot_triangle,
          grunt_decor_clamped
D:3:      layout_loops_cross, mainiacjoe_overflow_six_doors_small,
          gammafunk_temple_overflow_statue, uniq_natasha
D:4:      wad_river_or_something, layout_basic, lemuel_coloured_pillars_altar,
          serial_shops, shop, uniq_sigmund

Skill      XL: |  1  2  3  4  5  6 |
---------------+-------------------+-----
Axes           | 4 5 6 |  6.6
Fighting       | 4 5 |  5.2
Stealth        | 2 |  2.2
Armour         | 2 |  2.6
Throwing       | 1 |  1.5
Dodging        | 4 |  4.0

Action                   |  1- 3 |  4- 6 || total
-------------------------+-------+-------++-------
Melee: Hand axe          |    55 |       ||    55
       Headbutt          |    11 |    16 ||    27
       War axe           |    39 |    86 ||   125
       Punch             |       |     2 ||     2
Throw: Boomerang         |     9 |    13 ||    22
  Use: Scroll            |       |     3 ||     3
 Stab: Sleeping          |     3 |       ||     3
Armor: Robe              |     6 |       ||     6
       Leather armour    |     7 |       ||     7
       Scale mail        |     7 |       ||     7
       Plate armour      |     6 |    75 ||    81
Dodge: Dodged            |    66 |    27 ||    93
